Map: Deathaura LE

Players

Arctur - Winner!

  • Race: Terran Terran
  • Spawn Location: 5:00

GunGFuBanDa

  • Race: Protoss Protoss
  • League: Master
  • Spawn Location: 11:00

Event: DreamHack SC2 Masters 2020 Summer Europe

VOD

Have the link to the VOD?

Description

Time

  • Played on: June 26, 2020, 11:55 a.m.
  • Length: 8:35

All games in this series

Show
View Real Time Build Order
Export as new Build Order

Arctur Terran - Winner!

Build Orders:  

Get SALT Encoding   

  12  0:00  SCV  
  13  0:12  SCV  
  14  0:16  Supply Depot  
  14  0:24  SCV  
  15  0:38  SCV  
  15  0:39  Barracks  
  16  0:43  Refinery  
  16  0:50  SCV  
  17  1:02  SCV  
  18  1:14  SCV  
  19  1:25  Marine  
  19  1:27  Orbital Command  
  20  1:44  Command Center  
  20  1:45  Barracks Reactor  
  20  1:53  Supply Depot  
  20  1:57  SCV  
  21  2:08  Factory  
  21  2:09  SCV  
  22  2:17  Refinery  
  22  2:21  SCV  
  22  2:22  Marine x2  
  25  2:34  SCV  
  26  2:46  SCV  
  27  2:54  Starport  
  27  2:57  Hellion  
  27  2:58  Hellion  
  31  2:59  Orbital Command  
  31  3:02  SCV  
  32  3:14  SCV  
  32  3:19  Widow Mine x2  
  37  3:24  SCV  
  37  3:26  SCV  
  39  3:31  Medivac  
  39  3:34  Armory  
  41  3:36  SCV  
  41  3:38  SCV  
  41  3:48  SCV  
  41  3:49  Widow Mine x2  
  41  3:50  Barracks Tech Lab, SCV  
  41  3:54  Supply Depot  
  44  4:00  SCV  
  44  4:02  SCV  
  46  4:09  Marine  
  41  4:11  Bunker  
  41  4:12  Widow Mine x2  
  41  4:14  SCV  
  45  4:21  SCV  
  46  4:38  Supply Depot, Marine, Widow Mine x2, SCV, Medivac  
  54  4:55  SCV x2  
  54  5:02  Supply Depot  
  54  5:04  Command Center  
  54  5:07  SCV  
  54  5:08  SCV  
  54  5:10  Barracks  
  54  5:11  Barracks  
  56  5:15  Marine x2  
  56  5:19  SCV  
  56  5:20  SCV, Viking  
  62  5:24  Supply Depot  
  62  5:31  SCV  
  62  5:32  SCV  
  62  5:34  Supply Depot  
  62  5:35  Marine  
  64  5:38  Siege Tank, Marine  
  69  5:44  SCV  
  69  5:46  SCV  
  69  5:48  Engineering Bay  
  71  5:50  Engineering Bay  
  71  5:55  Marine x2  
  71  5:56  SCV  
  74  5:58  SCV  
  76  6:05  Barracks Tech Lab  
  76  6:07  Starport Reactor  
  76  6:08  Barracks x2  
  76  6:09  SCV  
  72  6:11  Refinery  
  72  6:12  Refinery  
  72  6:13  SCV  
  69  6:20  Terran Infantry Weapons Level 1, Terran Infantry Armor Level 1  
  69  6:21  Marine x2, SCV  
  69  6:23  Stimpack  
  69  6:25  Marine, SCV  
  72  6:37  Orbital Command  
  72  6:38  Combat Shield, Factory Reactor  
  72  6:39  Marauder, Marine  
  75  6:44  SCV  
  76  6:47  Marine  
  76  6:48  Missile Turret  
  76  6:49  Marauder  
  79  6:55  Medivac  
  79  6:57  Marine  
  79  6:58  Barracks Reactor, Barracks Tech Lab  
  79  7:00  SCV x2  
  84  7:06  Marauder, Marine  
  87  7:09  Marine  
  87  7:10  Orbital Command  
  87  7:12  Supply Depot  
  87  7:14  Widow Mine  
  87  7:15  Marine, Missile Turret  
  91  7:16  Marine, Widow Mine  
  91  7:18  SCV  
  91  7:20  SCV  
  96  7:23  Marine  
  96  7:25  Concussive Shells  
  96  7:27  Marine  
  96  7:28  Marauder  
  100  7:30  SCV  
  100  7:34  Marauder, Marine, SCV  
  100  7:36  SCV  
  106  7:37  Medivac  
  106  7:41  Marine  
  106  7:43  Supply Depot  
  109  7:53  Supply Depot, Armory  
  109  7:58  Ghost Academy  
  109  8:02  Ghost Academy  
  109  8:04  Marine  
  109  8:05  Marauder, SCV x3, Medivac  
  117  8:14  Marine x3  
  117  8:17  SCV  
Show
View Real Time Build Order
Export as new Build Order

GunGFuBanDa Protoss 

Build Orders: 1 Gate Expand, Oracle Opening 

Get SALT Encoding   

  12  0:00  Probe  
  13  0:12  Probe  
  14  0:17  Pylon  
  14  0:23  Probe  
  15  0:31  Probe  
  16  0:38  Gateway  
  16  0:39  Probe  
  16  0:45  Assimilator  
  17  0:50  Probe  
  18  1:03  Probe  
  19  1:15  Probe  
  20  1:25  Cybernetics Core  
  20  1:34  Probe  
  20  1:35  Nexus  
  21  1:42  Pylon  
  21  1:46  Probe  
  22  1:51  Adept  
  22  1:53  Assimilator  
  22  1:59  Probe  
  23  2:03  Warp Gate  
  25  2:09  Pylon  
  25  2:13  Adept, Probe  
  28  2:25  Probe  
  29  2:34  Stargate  
  30  2:37  Probe  
  30  2:42  Adept  
  32  2:47  Probe  
  32  2:49  Probe  
  34  2:59  Probe  
  34  3:01  Probe  
  36  3:09  Oracle  
  36  3:12  Adept, Probe  
  37  3:15  Shield Battery  
  37  3:17  Probe  
  41  3:25  Probe  
  42  3:29  Probe  
  42  3:30  Gateway  
  43  3:37  Oracle  
  43  3:40  Probe  
  44  3:46  Probe  
  48  4:03  Probe x2  
  48  4:05  Twilight Council, Pylon  
  50  4:15  Probe  
  51  4:22  Probe  
  52  4:24  Assimilator  
  52  4:27  Pylon, Probe  
  52  4:29  Nexus  
  50  4:33  Stalker  
  50  4:36  Stalker  
  54  4:39  Probe  
  54  4:43  Probe  
  56  4:46  Blink  
  56  4:51  Probe  
  53  5:02  Probe  
  53  5:03  Probe  
  55  5:08  Forge  
  55  5:09  Oracle  
  55  5:14  Probe, Pylon  
  55  5:21  Probe  
  60  5:26  Probe  
  61  5:33  Probe  
  61  5:34  Stalker x2  
  66  5:38  Assimilator, Probe  
  66  5:41  Pylon  
  67  5:45  Probe x2  
  67  5:46  Protoss Ground Weapons Level 1  
  67  5:47  Photon Cannon  
  69  5:50  Probe  
  64  5:57  Probe  
  58  6:06  Probe  
  58  6:08  Stalker x2  
  58  6:11  Probe x2  
  63  6:16  Probe  
  64  6:19  Probe  
  64  6:23  Probe  
  64  6:24  Pylon  
  67  6:27  Probe  
  67  6:28  Probe  
  69  6:33  Robotics Facility  
  69  6:35  Probe  
  69  6:38  Probe  
  71  6:40  Probe  
  71  6:42  Photon Cannon  
  71  6:44  Sentry, Shield Battery  
  74  6:47  Probe  
  74  6:48  Stalker  
  74  6:50  Probe  
  74  6:53  Charge  
  78  6:56  Gateway  
  78  7:02  Gateway  
  78  7:08  Probe  
  78  7:09  Gateway  
  78  7:11  Gateway  
  78  7:15  Probe x2  
  81  7:18  Observer  
  81  7:19  Pylon  
  81  7:20  Probe  
  83  7:27  Probe  
  83  7:28  Stalker x2  
  88  7:32  Observer  
  88  7:36  Photon Cannon, Robotics Bay  
  88  7:41  Pylon  
  88  7:43  Gateway  
  89  7:44  Gateway  
  89  7:47  Immortal  
  89  7:48  Pylon  
  89  7:52  Pylon  
  89  7:57  Pylon  
  93  7:59  Zealot x4  
  101  8:06  Assimilator  
  101  8:11  Assimilator  
  101  8:19  Zealot x3  
Tags
 
Add a new tag
Caveats
  • Supply blocks, unpowered buildings, or Contaminate may cause inaccurate times.
  • Supply counts are checked every 10 seconds.